 Dungeon Crawl Stone Soup version 0.24-a0-201-gf205589 (webtiles) character file.

Game seed: 14213122610994168677

1620 Ijustatesigmund the Chopper (level 8, -2/54 HPs)
             Began as an Octopode Fighter on Mar 21, 2019.
             Was an Initiate of Ashenzari.
             Slain by a sky beast (6 damage)
             ... on level 7 of the Dungeon on Mar 22, 2019.
             The game lasted 00:14:39 (5694 turns).

Ijustatesigmund the Chopper (Octopode Fighter)      Turns: 5694, Time: 00:14:40

Health: -2/54      AC:  2    Str: 15    XL:     8   Next: 96%
Magic:  8/8        EV: 14    Int: 11    God:    Ashenzari [......]
Gold:   332        SH: 12    Dex: 13    Spells: 7/7 levels left

rFire    . . .     SeeInvis .   a - +0 war axe (curse)
rCold    + . .     Gourm    .   b - +2 shield (curse)
rNeg     . . .     Faith    .   u - +1 hat (curse)
rPois    .         Spirit   .   (no amulet)
rElec    .         Reflect  .   p - ring of stealth
rCorr    .         Harm     .   n - ring of stealth
MR       +....                  B - ring of protection from cold
Stlth    +++++.....             D - ring of protection from magic
HPRegen  0.18/turn              (no ring)
MPRegen  0.11/turn              (no ring)
                                (no ring)
                                (no ring)

@: hasted, very quick
A: almost no armour, stealthy swim, amphibious, 8 rings, constrict 8, antennae
1, camouflage 1, gelatinous body 1, MP-powered wands
a: Curse Item, Renounce Religion


You were on level 7 of the Dungeon.
You worshipped Ashenzari.
Ashenzari was noncommittal.
You were hungry.

You visited 2 branches of the dungeon, and saw 8 of its levels.

You collected 332 gold pieces.

Inventory:

Hand Weapons
 a - a cursed +0 war axe (weapon)
Missiles
 f - a throwing net (quivered)
Armour
 b - a cursed +2 shield (worn)
 u - a cursed +1 hat (worn)
Jewellery
 n - a ring of stealth (right tentacle)
 p - a ring of stealth (left tentacle)
 B - a ring of protection from cold (on tentacle)
 D - a ring of protection from magic (on tentacle)
Wands
 l - a wand of disintegration (9)
 o - a wand of polymorph (10)
 s - a wand of digging (5)
 w - a wand of scattershot (7)
 x - a wand of acid (8)
Scrolls
 e - 4 scrolls of teleportation
 q - 3 scrolls of amnesia
 v - a scroll of fog
 y - a scroll of immolation
 A - 3 scrolls of remove curse
 C - a scroll of enchant weapon
 E - a scroll of enchant armour
Potions
 c - a potion of might
 g - 2 potions of agility
 h - 2 potions of brilliance
 j - a potion of curing
 k - a potion of magic
 m - a potion of haste
 r - a potion of cancellation
 z - a potion of invisibility
 F - 2 potions of ambrosia
Comestibles
 d - 12 rations


   Skills:
 + Level 4.9 Fighting
 + Level 6.9 Axes
 - Level 5.7 Dodging
 + Level 3.0 Stealth
 + Level 6.2 Shields


You had 7 spell levels left.
You didn't know any spells.
Your spell library was empty.

Dungeon Overview and Level Annotations

Branches:
Dungeon (7/15)             Temple (1/1) D:4

Altars:
Ashenzari
Cheibriados
Dithmenos
Elyvilon
Fedhas
Gozag
Hepliaklqana
Kikubaaqudgha
Okawaru
Qazlal
Ru
Sif Muna
Trog
Vehumet
Wu Jian
Xom
Yredelemnul
Zin

Annotations:
D:2 Sigmund


Innate Abilities, Weirdness & Mutations

You cannot wear most types of armour.
You are very stealthy in the water. (Stealth+)
You are amphibious.
You can wear up to eight rings at the same time.
You can use your tentacles to constrict eight enemies at once.
Your skin changes colour to match your surroundings (Stealth+).
Your rubbery body absorbs attacks. (AC +1, EV +1)
You have a pair of small antennae on your head.
You expend magic power (3 MP) to strengthen your wands.


Message History

You completely miss the water moccasin. Your grab misses the water moccasin.
The water moccasin is almost dead.
Your shield prevents you from hitting something.
* * * LOW HITPOINT WARNING * * *
You feel sick. You block something's attack. The water moccasin bites you.
* * * LOW HITPOINT WARNING * * *
You are more poisoned.
The water moccasin poisons you!
You feel better. Something hits you.
* * * LOW HITPOINT WARNING * * *
Something shocks you.
* * * LOW HITPOINT WARNING * * *
The water moccasin completely misses you.
You miss the water moccasin. Your grab misses the water moccasin.
Your squeeze misses the water moccasin.
The water moccasin is almost dead.
You miss something. You block the water moccasin's attack. Something hits you.
* * * LOW HITPOINT WARNING * * *
Something shocks you.
You die...

#..##### #.# #
#### #..# #.#
...... ####..#
#.# ######
#.....# #.#
#.#..## #.#
#.#.## #.##
#.#.##########..#
#.#.........S$#
#.###########@#
#.# #{# #.# #F#
#.# #.# #.# ...
[). ...


You could see a water moccasin and a bullfrog.

Vanquished Creatures
  Eustachio (D:4)
  An ice beast (D:5)
  2 phantoms
  4 bullfrogs
  2 scorpions
  2 howler monkeys
  3 crimson imps
  3 jellies
  3 hounds
  2 orc priests (D:6)
  A centaur skeleton (D:6)
  An iguana (D:6)
  3 orc wizards (D:4)
  4 worker ants
  A worker ant zombie (D:6)
  Robin (D:2)
  A howler monkey skeleton (D:6)
  6 adders
  A shadow imp (D:6)
  An ooze (D:1)
  2 adder skeletons
  A worm (D:3)
  2 dart slugs
  4 leopard geckos
  26 orcs
  8 giant cockroaches
  10 goblins
  9 hobgoblins
  2 quokkas
  6 bats
  7 frilled lizards
  3 kobolds
  A quokka skeleton (D:4)
  11 rats
135 creatures vanquished.

Notes
Turn   | Place    | Note
-------+----------+-------------------------------------------
     0 | D:1      | Ijustatesigmund the Octopode Fighter began the quest for
                  | the Orb.
     0 | D:1      | Reached XP level 1. HP: 16/16 MP: 1/1
    61 | D:1      | Reached XP level 2. HP: 16/21 MP: 2/2
   429 | D:1      | Reached XP level 3. HP: 26/26 MP: 3/3
   852 | D:2      | Noticed Sigmund
  1041 | D:2      | Noticed Robin
  1050 | D:2      | Killed Robin
  1051 | D:2      | Reached XP level 4. HP: 11/31 MP: 4/4
  1402 | D:3      | Gained mutation: You occasionally shout uncontrollably at
                  | your foes. [potion of mutation]
  1402 | D:3      | Gained mutation: You expend magic power (3 MP) to
                  | strengthen your wands. [potion of mutation]
  1402 | D:3      | Lost mutation: You occasionally shout uncontrollably at
                  | your foes. [potion of mutation]
  1402 | D:3      | Gained mutation: You have a pair of small antennae on your
                  | head. [potion of mutation]
  1502 | D:3      | Found an ornate altar of the Wu Jian Council.
  1618 | D:4      | Found a staircase to the Ecumenical Temple.
  1631 | Temple   | Entered the Ecumenical Temple
  1805 | Temple   | Became a worshipper of Ashenzari the Shackled
  1824 | D:4      | Reached XP level 5. HP: 33/36 MP: 5/5
  1836 | D:4      | Noticed a phantom
  1873 | D:4      | Killed a phantom
  1873 | D:4      | Reached XP level 6. HP: 20/42 MP: 0/6
  1961 | D:4      | Noticed Eustachio
  1975 | D:4      | Killed Eustachio
  1975 | D:4      | Reached skill level 5 in Axes
  2363 | D:4      | Reached XP level 7. HP: 39/46 MP: 7/7
  2927 | D:5      | Entered Level 5 of the Dungeon
  3006 | D:5      | Reached skill level 5 in Dodging
  3006 | D:5      | Reached skill level 5 in Shields
  3584 | D:5      | Reached XP level 8. HP: 12/54 MP: 8/8
  4027 | D:6      | Found a white marble altar of Elyvilon.
  4837 | D:6      | Reached skill level 1 in Stealth
  5692 | D:7      | HP: 2/54 [water moccasin (5)]
  5694 | D:7      | Slain by a sky beast

Levels and vault maps discovered:
D:1:      psy_arrival_spokes, layout_basic, chequers_serial_rivers_room_b,
          nrook_mini_vaults
D:2:      layout_rooms, minmay_cut_off, uniq_sigmund, uniq_robin
D:3:      layout_rooms, lemuel_round_altar, first_ration
D:4:      layout_loops_ring, minmay_temple_entry_stoned_glass,
          eino_small_chamber_without_monster, uniq_eustachio
D:5:      layout_rooms, kennysheep_generic_room_7
D:6:      layout_cave_pods, lemuel_doored_altar, serial_bayou_lagoon_a
D:7:      layout_loops_ring, nicolae_tso_swordbearing_angel,
          chequers_temple_overflow_statue_of_worship
Temple:   eino_temple_scatter_basement

Skill      XL: |  1  2  3  4  5  6  7  8 |
---------------+-------------------------+-----
Axes           | 3 4 5 6 |  6.9
Dodging        | 4 5 |  5.7
Shields        | 4 5 6 |  6.2
Fighting       | 4 |  4.9
Stealth        | 3 |  3.0

Action                   |  1- 3 |  4- 6 |  7- 9 || total
-------------------------+-------+-------+-------++-------
Melee: War axe           |    50 |    70 |   174 ||   294
       Constrict         |    20 |    16 |    33 ||    69
       Tentacles         |     7 |    10 |    37 ||    54
Invok: Curse Item        |       |     1 |     2 ||     3
Evoke: Wand              |       |     6 |     2 ||     8
  Use: Scroll            |     3 |     8 |     9 ||    20
       Potion            |       |     4 |     3 ||     7
 Stab: Sleeping          |     6 |     3 |    11 ||    20
       Distracted        |       |     1 |       ||     1
  Eat: Chunk             |       |     4 |     7 ||    11
       Ration            |       |       |     1 ||     1
Armor: Skin              |     5 |     3 |    11 ||    19
Dodge: Dodged            |    26 |    25 |    81 ||   132
Block: Shield            |    14 |    42 |    98 ||   154

Table legend:
 A = Non-vault XP
 B = Vault XP
 C = Vault XP percentage of total XP
 D = Non-vault monster count
 E = Vault monster count
 F = Vault count percentage of total count
                 A         B        C        D         E       F
            +---------+---------+-------+---------+---------+-------
      Total |    2071 |     244 |  10.5 |     121 |      14 |  10.4
            +---------+---------+-------+---------+---------+-------
        D:1 |      45 |       0 |   0.0 |      24 |       0 |   0.0
        D:2 |      24 |      33 |  57.9 |       9 |      11 |  55.0
        D:3 |      39 |       0 |   0.0 |      16 |       0 |   0.0
        D:4 |     526 |     196 |  27.1 |      30 |       1 |   3.2
        D:5 |     417 |      15 |   3.5 |      11 |       2 |  15.4
        D:6 |     748 |       0 |   0.0 |      24 |       0 |   0.0
        D:7 |     272 |       0 |   0.0 |       7 |       0 |   0.0
            +---------+---------+-------+---------+---------+-------
